[ AOE2 MATCH · #483000747 ]
UnrankedVietnamese vs Mongols
[ REPLAY ANALYSIS · EXTRACTED FROM THE RECORDED GAME ]
Feudal
14:09
Castle
18:32
Imperial
38:57
| APM avg | 44.8 |
| APM peak | 88 |
| eAPM avg | 18.4 |
| Villagers / military | 142 / 247 |
Focus
⚔️ 37.5% · 🌾 62.5%
Rattan Archer ×227 · Trebuchet (Packed) ×8 · Battering Ram ×7 · Bombard Cannon ×5
Feudal
12:08
Castle
16:04
Imperial
46:37
| APM avg | 27.2 |
| APM peak | 60 |
| eAPM avg | 15.0 |
| Villagers / military | 217 / 127 |
Focus
⚔️ 20.6% · 🌾 79.4%
Mangudai ×109 · Mangonel ×13 · Battering Ram ×5
Feudal
15:09
Castle
18:57
Imperial
41:02
| APM avg | 36.1 |
| APM peak | 69 |
| eAPM avg | 22.4 |
| Villagers / military | 146 / 388 |
Focus
⚔️ 42.9% · 🌾 57.1%
Spearman ×284 · Militia ×66 · Bombard Cannon ×18 · Knight ×10 · Battering Ram ×5 · Hussite Wagon ×2
Feudal
13:49
Castle
17:27
Imperial
53:32
| APM avg | 16.7 |
| APM peak | 65 |
| eAPM avg | 10.2 |
| Villagers / military | 92 / 374 |
Focus
⚔️ 27.7% · 🌾 72.3%
Knight ×374
Feudal
15:44
Castle
19:31
Imperial
37:30
| APM avg | 23.7 |
| APM peak | 53 |
| eAPM avg | 16.1 |
| Villagers / military | 178 / 220 |
Focus
⚔️ 35.7% · 🌾 64.3%
Chakram Thrower ×125 · Camel Scout ×75 · Trebuchet (Packed) ×17 · Mangonel ×3
Feudal
14:00
Castle
21:11
Imperial
—
| APM avg | 18.8 |
| APM peak | 74 |
| eAPM avg | 9.7 |
| Villagers / military | 161 / 141 |
Focus
⚔️ 26.8% · 🌾 73.2%
Archer ×57 · Scout Cavalry ×40 · Camel Scout ×24 · Shotel Warrior ×14 · Knight ×4 · Spearman ×2
Feudal
14:29
Castle
18:32
Imperial
43:48
| APM avg | 48.1 |
| APM peak | 131 |
| eAPM avg | 21.6 |
| Villagers / military | 131 / 124 |
Focus
⚔️ 21.0% · 🌾 79.0%
Knight ×77 · Obuch ×13 · Petard ×11 · Skirmisher ×10 · Spearman ×5 · Battering Ram ×5
Feudal
14:38
Castle
18:35
Imperial
53:05
| APM avg | 27.3 |
| APM peak | 58 |
| eAPM avg | 15.4 |
| Villagers / military | 152 / 94 |
Focus
⚔️ 20.3% · 🌾 79.7%
Spearman ×74 · Battle Elephant ×9 · Mangonel ×5 · Ratha (Ranged) ×3 · Armored Elephant ×3
Match map
Initial resources + every placement click. Lines = walls · curves = elevation contours. ◆ gold · ⬟ stone · ● berries · ✦ relic · ◌ wall gap
Your base· Open — 5t gap
[LOEL] - ENF's base· Open — unwalled flank
[LOEL] - ISABUYA's base· ✓ Closed at 18:57 · 2t walls · 1 gate(s)
Road To Herald's base· Open — unwalled flank
Tergoda Janda Kembang's base· Open — unwalled flank
[LOEL] Vianella's base· Open — unwalled flank
_radicals's base· Open — unwalled flank
Xvier's base· Open — unwalled flank
Smoothed initial terrain · ◌ = detected wall gap · hover for details
Inputs per minute
— Ahzek Ahriman - - [LOEL] - ENF
Build order — Ahzek Ahriman
First 150 of 484 actions detected
| 0:05 | Build | Town Center |
| 2:12 | Build | House |
| 2:13 | Build | House |
| 2:37 | Create | Villager (Male) ×4 |
| 3:41 | Research | Loom |
| 3:43 | Create | Villager (Male) |
| 4:14 | Create | Villager (Male) |
| 4:42 | Create | Villager (Male) |
| 4:42 | Create | Villager (Male) |
| 4:48 | Build | House |
| 5:00 | Create | Villager (Male) |
| 5:08 | Build | House |
| 5:12 | Build | House |
| 5:31 | Build | House |
| 6:00 | Create | Villager (Male) |
| 6:27 | Create | Villager (Male) |
| 6:54 | Create | Villager (Male) |
| 7:17 | Create | Villager (Male) |
| 7:32 | Create | Villager (Male) |
| 7:51 | Build | House |
| 7:52 | Build | House |
| 8:03 | Create | Villager (Male) |
| 8:24 | Create | Villager (Male) |
| 8:41 | Create | Villager (Male) |
| 9:16 | Create | Villager (Male) |
| 9:47 | Create | Villager (Male) |
| 9:53 | Build | Mill |
| 10:16 | Create | Villager (Male) |
| 10:44 | Create | Villager (Male) |
| 10:54 | Build | Mining Camp |
| 10:58 | Create | Villager (Male) |
| 11:12 | Create | Villager (Male) |
| 11:46 | Research | Feudal Age |
| 12:40 | Build | House |
| 12:51 | Build | Mining Camp |
| 13:07 | Build | House |
| 13:12 | Create | Villager (Male) |
| 13:26 | Build | Palisade Wall |
| 13:37 | Build | Palisade Wall |
| 13:46 | Build | Palisade Wall |
| 13:52 | Build | Palisade Wall |
| 14:09 | Age | Feudal Age |
| 14:10 | Create | Villager (Male) |
| 14:23 | Build | Market |
| 14:40 | Create | Villager (Male) |
| 14:55 | Build | House |
| 15:14 | Build | Blacksmith |
| 15:22 | Create | Villager (Male) |
| 15:52 | Research | Castle Age |
| 16:37 | Build | Lumber Camp |
| 17:37 | Research | Double-Bit Axe |
| 17:39 | Research | Fletching |
| 18:32 | Age | Castle Age |
| 18:34 | Build | Castle |
| 18:39 | Create | Villager (Male) |
| 19:06 | Create | Villager (Male) |
| 19:14 | Build | Farm |
| 19:17 | Build | Farm |
| 19:19 | Research | Horse Collar |
| 19:29 | Create | Villager (Male) |
| 19:38 | Create | Rattan Archer |
| 19:38 | Create | Rattan Archer |
| 19:43 | Build | Farm |
| 19:46 | Build | Farm |
| 19:48 | Create | Villager (Male) |
| 19:52 | Build | House |
| 19:53 | Build | House |
| 20:01 | Build | Mill |
| 20:05 | Create | Rattan Archer |
| 20:13 | Create | Villager (Male) |
| 20:29 | Create | Villager (Male) |
| 20:30 | Create | Rattan Archer |
| 20:40 | Build | Farm |
| 20:43 | Build | Farm |
| 20:51 | Create | Rattan Archer |
| 21:01 | Build | House |
| 21:19 | Create | Rattan Archer |
| 21:20 | Create | Villager (Male) |
| 21:21 | Research | Bow Saw |
| 21:32 | Build | House |
| 21:42 | Create | Rattan Archer |
| 21:47 | Create | Villager (Male) |
| 21:56 | Create | Rattan Archer |
| 22:02 | Build | House |
| 22:02 | Build | House |
| 22:07 | Create | Villager (Male) |
| 22:10 | Create | Rattan Archer |
| 22:30 | Research | Bodkin Arrow |
| 22:33 | Create | Villager (Male) |
| 22:44 | Create | Rattan Archer |
| 22:58 | Build | Siege Workshop |
| 23:03 | Create | Villager (Male) |
| 23:07 | Create | Rattan Archer |
| 23:15 | Create | Villager (Male) |
| 23:27 | Create | Villager (Male) |
| 23:29 | Research | Gold Mining |
| 23:41 | Create | Villager (Male) |
| 24:01 | Create | Rattan Archer |
| 24:06 | Create | Villager (Male) |
| 24:10 | Research | Padded Archer Armor |
| 24:24 | Create | Rattan Archer |
| 24:25 | Create | Rattan Archer |
| 24:41 | Build | Mining Camp |
| 24:42 | Create | Rattan Archer |
| 24:47 | Create | Villager (Male) |
| 24:57 | Create | Battering Ram |
| 25:10 | Create | Villager (Male) |
| 25:14 | Create | Rattan Archer |
| 25:26 | Create | Rattan Archer |
| 25:43 | Create | Battering Ram |
| 25:49 | Create | Rattan Archer |
| 25:50 | Create | Rattan Archer |
| 26:07 | Create | Villager (Male) |
| 26:09 | Create | Villager (Male) |
| 26:12 | Create | Rattan Archer |
| 26:29 | Create | Rattan Archer |
| 26:40 | Research | Leather Archer Armor |
| 26:50 | Build | Mining Camp |
| 26:56 | Create | Rattan Archer |
| 26:58 | Create | Rattan Archer |
| 27:00 | Create | Villager (Male) |
| 27:01 | Create | Villager (Male) |
| 27:17 | Create | Rattan Archer |
| 27:28 | Create | Battering Ram |
| 27:37 | Create | Villager (Male) |
| 27:50 | Create | Rattan Archer |
| 27:52 | Create | Villager (Male) |
| 28:17 | Create | Battering Ram |
| 28:23 | Create | Villager (Male) |
| 28:37 | Create | Rattan Archer |
| 28:40 | Create | Villager (Male) |
| 28:42 | Create | Battering Ram |
| 28:53 | Create | Rattan Archer |
| 29:06 | Create | Villager (Male) |
| 29:20 | Create | Rattan Archer |
| 29:20 | Create | Rattan Archer |
| 29:22 | Create | Villager (Male) |
| 29:30 | Build | University |
| 29:36 | Create | Rattan Archer |
| 29:51 | Create | Rattan Archer |
| 29:52 | Create | Villager (Male) |
| 29:57 | Build | Lumber Camp |
| 30:15 | Create | Rattan Archer |
| 30:16 | Create | Villager (Male) |
| 30:39 | Create | Rattan Archer |
| 30:43 | Create | Rattan Archer |
| 30:44 | Create | Villager (Male) |
| 30:46 | Research | Ballistics |
| 31:03 | Create | Battering Ram |
| 31:11 | Create | Rattan Archer |
Build order — [LOEL] - ENF
First 150 of 466 actions detected
| 0:23 | Build | Town Center |
| 0:50 | Build | House |
| 2:23 | Create | Villager (Male) |
| 2:24 | Create | Villager (Male) |
| 2:24 | Create | Villager (Male) |
| 2:26 | Create | Villager (Male) |
| 3:10 | Build | House |
| 3:38 | Create | Villager (Male) |
| 4:16 | Create | Villager (Male) |
| 4:20 | Build | House |
| 4:27 | Create | Villager (Male) |
| 4:31 | Build | Lumber Camp |
| 4:44 | Build | House |
| 4:59 | Create | Villager (Male) |
| 5:02 | Create | Villager (Male) |
| 5:21 | Build | House |
| 5:48 | Research | Loom |
| 6:02 | Create | Villager (Male) |
| 6:09 | Create | Villager (Male) |
| 6:15 | Create | Villager (Male) |
| 6:19 | Build | House |
| 6:41 | Create | Villager (Male) |
| 6:44 | Create | Villager (Male) |
| 7:50 | Create | Villager (Male) |
| 7:53 | Build | House |
| 8:53 | Build | Mill |
| 9:03 | Create | Villager (Male) |
| 9:06 | Create | Villager (Male) |
| 9:58 | Research | Feudal Age |
| 11:38 | Create | Villager (Male) |
| 11:38 | Create | Villager (Male) |
| 12:08 | Age | Feudal Age |
| 12:20 | Build | Market |
| 12:26 | Build | Blacksmith |
| 12:32 | Create | Villager (Male) |
| 13:24 | Research | Castle Age |
| 14:24 | Research | Double-Bit Axe |
| 14:56 | Build | House |
| 14:57 | Build | Palisade Wall |
| 15:04 | Create | Villager (Male) |
| 15:52 | Create | Villager (Male) |
| 16:04 | Age | Castle Age |
| 16:06 | Research | Bow Saw |
| 16:15 | Build | Castle |
| 16:56 | Build | Town Center |
| 17:00 | Create | Villager (Male) |
| 17:00 | Create | Villager (Male) |
| 17:28 | Create | Villager (Male) |
| 17:53 | Create | Mangudai |
| 17:54 | Create | Villager (Male) |
| 18:05 | Create | Villager (Male) |
| 18:19 | Create | Villager (Male) |
| 18:24 | Create | Mangudai |
| 18:25 | Create | Villager (Male) |
| 18:30 | Create | Villager (Male) |
| 18:53 | Create | Mangudai |
| 18:58 | Create | Villager (Male) |
| 19:05 | Create | Mangudai |
| 19:28 | Build | Mill |
| 19:39 | Create | Villager (Male) |
| 19:42 | Create | Mangudai ×2 |
| 19:55 | Create | Villager (Male) |
| 19:57 | Research | Fletching |
| 19:57 | Create | Villager (Male) |
| 19:57 | Create | Villager (Male) |
| 20:05 | Build | Farm |
| 20:09 | Build | Farm |
| 20:09 | Create | Villager (Male) |
| 20:11 | Build | Farm |
| 20:13 | Create | Villager (Male) |
| 20:30 | Create | Mangudai |
| 20:41 | Create | Villager (Male) |
| 20:46 | Create | Villager (Male) |
| 21:02 | Create | Mangudai |
| 21:16 | Build | House |
| 21:18 | Build | House |
| 21:18 | Build | House |
| 21:19 | Create | Villager (Male) |
| 21:22 | Create | Villager (Male) |
| 21:34 | Build | Farm |
| 21:36 | Build | Farm |
| 21:37 | Create | Villager (Male) |
| 21:41 | Create | Villager (Male) |
| 21:47 | Create | Mangudai |
| 21:49 | Create | Villager (Male) |
| 22:09 | Build | House |
| 22:10 | Create | Villager (Male) |
| 22:13 | Create | Mangudai |
| 22:23 | Create | Villager (Male) |
| 22:25 | Create | Villager (Male) |
| 22:35 | Create | Villager (Male) |
| 22:39 | Build | Farm |
| 22:41 | Build | Farm |
| 22:42 | Create | Villager (Male) |
| 22:54 | Build | House |
| 22:55 | Create | Villager (Male) |
| 23:10 | Build | Mill |
| 23:13 | Create | Villager (Male) |
| 23:26 | Build | Town Center |
| 23:36 | Research | Bodkin Arrow |
| 23:36 | Create | Villager (Male) |
| 23:46 | Build | Mill |
| 23:57 | Create | Villager (Male) |
| 24:25 | Create | Villager (Male) |
| 24:32 | Create | Villager (Male) |
| 24:43 | Build | Farm |
| 24:46 | Build | Farm |
| 24:48 | Build | Farm |
| 24:51 | Build | Farm |
| 24:54 | Build | Farm |
| 24:55 | Create | Villager (Male) |
| 25:13 | Build | Mining Camp |
| 25:19 | Create | Villager (Male) |
| 25:31 | Build | Lumber Camp |
| 25:35 | Create | Mangudai |
| 25:37 | Create | Villager (Male) |
| 25:40 | Create | Villager (Male) |
| 25:42 | Create | Villager (Male) |
| 25:42 | Create | Villager (Male) |
| 25:48 | Build | Farm |
| 25:49 | Create | Villager (Male) |
| 25:58 | Create | Mangudai ×2 |
| 26:06 | Create | Villager (Male) |
| 26:15 | Build | Farm |
| 26:16 | Create | Villager (Male) |
| 26:29 | Create | Villager (Male) |
| 26:35 | Build | House |
| 26:36 | Build | House |
| 26:37 | Build | House |
| 26:39 | Build | House |
| 26:40 | Create | Villager (Male) |
| 26:45 | Create | Mangudai ×3 |
| 26:52 | Build | Farm |
| 26:55 | Create | Villager (Male) |
| 26:56 | Create | Villager (Male) |
| 27:00 | Build | Farm |
| 27:00 | Create | Villager (Male) |
| 27:04 | Create | Mangudai |
| 27:10 | Create | Villager (Male) |
| 27:16 | Research | Wheelbarrow |
| 27:25 | Create | Villager (Male) |
| 27:35 | Research | Horse Collar |
| 28:00 | Create | Villager (Male) |
| 28:18 | Create | Villager (Male) |
| 28:24 | Create | Villager (Male) |
| 28:34 | Build | Castle |
| 28:34 | Create | Villager (Male) |
| 28:38 | Create | Villager (Male) |
| 28:43 | Create | Villager (Male) |
| 28:57 | Create | Mangudai |
Build order — [LOEL] - ISABUYA
First 150 of 753 actions detected
| 0:27 | Build | Town Center |
| 1:29 | Build | House |
| 3:05 | Create | Villager (Male) |
| 3:05 | Create | Villager (Male) |
| 3:06 | Create | Villager (Male) |
| 3:06 | Create | Villager (Male) |
| 3:07 | Research | Loom |
| 4:08 | Create | Villager (Male) |
| 4:12 | Build | House |
| 4:38 | Create | Villager (Male) |
| 4:45 | Build | House |
| 4:57 | Build | House |
| 5:03 | Build | House |
| 5:19 | Create | Villager (Male) |
| 5:20 | Create | Villager (Male) |
| 5:36 | Create | Villager (Male) |
| 6:09 | Create | Villager (Male) |
| 6:30 | Create | Villager (Male) |
| 7:15 | Create | Villager (Male) |
| 7:16 | Create | Villager (Male) |
| 7:22 | Create | Villager (Male) |
| 7:51 | Create | Villager (Male) |
| 8:11 | Build | House |
| 8:21 | Create | Villager (Male) |
| 8:21 | Create | Villager (Male) |
| 8:22 | Create | Villager (Male) |
| 8:51 | Create | Villager (Male) |
| 8:51 | Create | Villager (Male) |
| 8:58 | Create | Villager (Male) |
| 8:58 | Create | Villager (Male) |
| 9:07 | Build | House |
| 9:29 | Build | House |
| 9:30 | Build | Palisade Wall |
| 9:44 | Create | Villager (Male) |
| 9:44 | Create | Villager (Male) |
| 9:44 | Create | Villager (Male) |
| 10:57 | Create | Villager (Male) |
| 10:57 | Create | Villager (Male) |
| 11:15 | Build | House |
| 11:29 | Build | Mill |
| 11:58 | Build | Mining Camp |
| 12:22 | Build | Barracks |
| 12:24 | Build | Palisade Wall |
| 12:34 | Create | Villager (Male) |
| 12:56 | Research | Feudal Age |
| 14:23 | Build | House |
| 14:47 | Create | Villager (Male) |
| 14:47 | Create | Villager (Male) |
| 15:09 | Age | Feudal Age |
| 15:12 | Build | Stable |
| 15:26 | Build | Blacksmith |
| 15:38 | Build | Lumber Camp |
| 16:17 | Research | Castle Age |
| 16:22 | Build | Gate |
| 16:23 | Build | House |
| 16:29 | Research | Double-Bit Axe |
| 16:48 | Build | House |
| 16:49 | Build | House |
| 16:51 | Build | House |
| 17:18 | Research | Scale Barding Armor |
| 17:25 | Build | Farm |
| 17:25 | Build | Farm |
| 17:25 | Build | Farm |
| 17:25 | Build | Farm |
| 18:04 | Build | Farm |
| 18:12 | Create | Villager (Male) |
| 18:29 | Build | Farm |
| 18:57 | Age | Castle Age |
| 18:58 | Create | Knight |
| 18:58 | Create | Knight |
| 19:01 | Create | Villager (Male) |
| 19:02 | Create | Villager (Male) |
| 19:19 | Build | Farm |
| 19:19 | Build | Farm |
| 19:24 | Research | Bow Saw |
| 19:25 | Create | Villager (Male) |
| 19:29 | Create | Knight |
| 20:02 | Create | Scout Cavalry |
| 20:05 | Create | Knight |
| 20:07 | Create | Villager (Male) |
| 21:17 | Build | Town Center |
| 21:31 | Create | Villager (Male) |
| 21:31 | Create | Villager (Male) |
| 21:31 | Create | Villager (Male) |
| 21:53 | Create | Scout Cavalry |
| 21:54 | Research | Husbandry |
| 21:56 | Research | Forging |
| 22:07 | Build | Market |
| 22:35 | Create | Knight |
| 22:47 | Build | Siege Workshop |
| 23:07 | Create | Knight |
| 23:13 | Create | Villager (Male) |
| 23:13 | Create | Villager (Male) |
| 23:40 | Create | Knight |
| 23:53 | Build | Stable |
| 23:59 | Create | Villager (Male) |
| 23:59 | Create | Villager (Male) |
| 24:18 | Create | Knight |
| 24:24 | Build | Farm |
| 24:30 | Create | Battering Ram |
| 24:31 | Create | Battering Ram |
| 24:47 | Create | Villager (Male) |
| 24:55 | Create | Knight |
| 25:13 | Create | Battering Ram |
| 25:18 | Create | Villager (Male) |
| 25:18 | Create | Villager (Male) |
| 25:44 | Build | Castle |
| 25:56 | Create | Battering Ram |
| 25:59 | Create | Villager (Male) |
| 25:59 | Create | Villager (Male) |
| 26:26 | Create | Knight |
| 26:29 | Build | House |
| 26:32 | Build | House |
| 26:35 | Create | Villager (Male) |
| 26:35 | Create | Villager (Male) |
| 27:40 | Create | Battering Ram |
| 28:03 | Create | Hussite Wagon |
| 28:05 | Build | Lumber Camp |
| 28:38 | Create | Hussite Wagon |
| 28:40 | Create | Villager (Male) |
| 28:40 | Create | Villager (Male) |
| 28:41 | Create | Villager (Male) |
| 28:41 | Create | Villager (Male) |
| 28:55 | Build | Farm |
| 29:02 | Create | Villager (Male) |
| 29:03 | Create | Villager (Male) |
| 29:38 | Create | Villager (Male) |
| 29:39 | Create | Villager (Male) |
| 29:39 | Create | Villager (Male) |
| 29:39 | Create | Villager (Male) |
| 29:54 | Build | Town Center |
| 30:22 | Create | Villager (Male) |
| 30:22 | Create | Villager (Male) |
| 30:22 | Create | Villager (Male) |
| 30:29 | Build | Farm |
| 30:29 | Build | Farm |
| 30:29 | Build | Farm |
| 30:29 | Build | Farm |
| 30:29 | Build | Farm |
| 30:30 | Build | Farm |
| 30:30 | Build | Farm |
| 30:30 | Build | Farm |
| 30:30 | Build | Farm |
| 30:31 | Build | Farm |
| 31:00 | Build | Lumber Camp |
| 31:05 | Create | Villager (Male) |
| 31:05 | Create | Villager (Male) |
| 31:05 | Create | Villager (Male) |
| 31:09 | Build | Farm |
| 31:09 | Build | Farm |
Build order — Road To Herald
First 150 of 392 actions detected
| 0:06 | Build | House |
| 0:12 | Build | House |
| 0:30 | Build | Town Center |
| 2:44 | Create | Villager (Male) ×4 |
| 2:45 | Research | Loom |
| 3:45 | Build | House |
| 4:29 | Build | House |
| 4:45 | Create | Villager (Male) |
| 4:45 | Create | Villager (Male) |
| 5:13 | Create | Villager (Male) |
| 5:13 | Create | Villager (Male) |
| 5:32 | Create | Villager (Male) |
| 5:32 | Create | Villager (Male) |
| 5:46 | Create | Villager (Male) |
| 6:18 | Create | Villager (Male) |
| 6:32 | Create | Villager (Male) |
| 6:50 | Create | Villager (Male) |
| 7:36 | Create | Villager (Male) |
| 8:01 | Create | Villager (Male) |
| 8:10 | Build | Mill |
| 8:16 | Create | Villager (Male) |
| 8:38 | Build | House |
| 8:41 | Create | Villager (Male) |
| 9:02 | Create | Villager (Male) |
| 9:43 | Create | Villager (Male) |
| 10:08 | Build | House |
| 10:14 | Create | Villager (Male) |
| 10:24 | Create | Villager (Male) |
| 10:25 | Create | Villager (Male) |
| 11:06 | Build | Mining Camp |
| 11:39 | Research | Feudal Age |
| 12:04 | Create | Villager (Male) |
| 13:49 | Age | Feudal Age |
| 13:56 | Build | Market |
| 14:00 | Build | Blacksmith |
| 14:04 | Create | Villager (Male) |
| 14:47 | Research | Castle Age |
| 14:47 | Research | Castle Age |
| 15:46 | Create | Villager (Male) |
| 16:05 | Build | Lumber Camp |
| 16:14 | Build | Barracks |
| 16:27 | Build | House |
| 16:30 | Build | House |
| 16:52 | Build | House |
| 16:54 | Research | Double-Bit Axe |
| 17:16 | Build | House |
| 17:21 | Research | Wheelbarrow |
| 17:27 | Age | Castle Age |
| 17:32 | Build | Stable |
| 17:44 | Research | Gold Mining |
| 17:53 | Build | House |
| 17:56 | Build | House |
| 18:01 | Create | Villager (Male) |
| 18:06 | Build | Stable |
| 18:17 | Build | Farm |
| 18:21 | Build | Farm |
| 18:32 | Build | House |
| 18:34 | Create | Villager (Male) |
| 18:39 | Build | Farm |
| 18:47 | Build | House |
| 18:56 | Build | Farm |
| 19:00 | Build | Farm |
| 19:08 | Build | House |
| 19:09 | Build | House |
| 19:10 | Build | House |
| 19:11 | Build | House |
| 19:14 | Build | House |
| 19:15 | Build | House |
| 19:39 | Build | Farm |
| 19:45 | Build | Farm |
| 19:47 | Create | Villager (Male) |
| 19:51 | Build | Farm |
| 19:55 | Build | House |
| 20:09 | Create | Villager (Male) |
| 20:16 | Build | Farm |
| 20:22 | Build | Farm |
| 20:26 | Build | House |
| 20:37 | Create | Villager (Male) |
| 20:50 | Build | Palisade Wall |
| 20:53 | Build | Palisade Gate |
| 20:55 | Create | Villager (Male) |
| 21:02 | Build | Farm |
| 21:13 | Build | Farm |
| 21:16 | Create | Knight |
| 21:26 | Build | Farm |
| 21:28 | Create | Villager (Male) |
| 21:44 | Create | Knight |
| 21:51 | Build | Farm |
| 21:55 | Create | Villager (Male) |
| 22:13 | Build | Farm |
| 22:14 | Create | Villager (Male) |
| 22:28 | Build | Lumber Camp |
| 22:30 | Create | Villager (Male) |
| 22:38 | Build | Farm |
| 22:41 | Create | Knight |
| 22:43 | Create | Knight |
| 23:01 | Create | Knight |
| 23:01 | Create | Knight |
| 23:03 | Create | Knight |
| 23:09 | Create | Villager (Male) |
| 23:17 | Build | Farm |
| 23:22 | Build | Farm |
| 23:28 | Create | Villager (Male) |
| 23:34 | Create | Villager (Male) |
| 23:39 | Build | Farm |
| 23:45 | Build | Farm |
| 23:52 | Build | Farm |
| 23:54 | Create | Villager (Male) |
| 23:58 | Build | Farm |
| 24:03 | Create | Knight |
| 24:04 | Create | Knight |
| 24:10 | Build | House |
| 24:12 | Build | House |
| 24:24 | Create | Knight |
| 24:25 | Create | Knight |
| 24:36 | Create | Villager (Male) |
| 24:54 | Research | Scale Barding Armor |
| 25:02 | Build | Farm |
| 25:05 | Research | Bow Saw |
| 25:11 | Build | Farm |
| 25:20 | Create | Knight |
| 25:22 | Create | Villager (Male) |
| 25:37 | Create | Villager (Male) |
| 25:52 | Build | Farm |
| 25:54 | Create | Villager (Male) |
| 25:58 | Research | Forging |
| 26:03 | Create | Knight |
| 26:12 | Create | Villager (Male) |
| 26:38 | Create | Knight ×3 |
| 26:39 | Create | Villager (Male) |
| 26:47 | Build | Farm |
| 26:57 | Build | Farm |
| 27:01 | Build | Farm |
| 27:40 | Create | Villager (Male) |
| 27:41 | Create | Villager (Male) |
| 27:52 | Create | Knight ×3 |
| 27:53 | Create | Knight ×3 |
| 28:02 | Research | Hand Cart |
| 28:03 | Research | Town Watch |
| 28:12 | Create | Knight |
| 28:12 | Create | Knight |
| 28:14 | Research | Husbandry |
| 28:59 | Build | Farm |
| 29:06 | Create | Villager (Male) |
| 29:13 | Research | Chain Barding Armor |
| 29:15 | Create | Villager (Male) |
| 29:59 | Create | Villager (Male) |
| 30:07 | Create | Knight ×2 |
| 30:07 | Create | Knight ×2 |
| 30:23 | Create | Villager (Male) |
Build order — Tergoda Janda Kembang
First 150 of 577 actions detected
| 0:19 | Build | Town Center |
| 0:41 | Build | House |
| 2:11 | Build | House |
| 2:26 | Create | Villager (Male) |
| 2:26 | Create | Villager (Male) |
| 2:26 | Create | Villager (Male) |
| 2:27 | Create | Villager (Male) |
| 2:27 | Create | Villager (Male) |
| 2:27 | Create | Villager (Male) |
| 3:30 | Build | Mill |
| 3:35 | Build | House |
| 3:39 | Build | House |
| 3:41 | Build | House |
| 4:35 | Build | House |
| 4:40 | Create | Villager (Male) |
| 4:40 | Create | Villager (Male) |
| 5:08 | Create | Villager (Male) |
| 5:08 | Create | Villager (Male) |
| 5:08 | Create | Villager (Male) |
| 5:09 | Create | Villager (Male) |
| 5:22 | Research | Loom |
| 5:24 | Create | Villager (Male) |
| 5:24 | Create | Villager (Male) |
| 5:47 | Build | House |
| 5:48 | Build | House |
| 5:59 | Create | Villager (Male) |
| 5:59 | Create | Villager (Male) |
| 6:11 | Create | Villager (Male) |
| 6:12 | Create | Villager (Male) |
| 6:36 | Create | Villager (Male) |
| 7:35 | Create | Villager (Male) |
| 7:35 | Create | Villager (Male) |
| 7:36 | Create | Villager (Male) |
| 7:53 | Create | Villager (Male) |
| 7:53 | Create | Villager (Male) |
| 7:53 | Create | Villager (Male) |
| 7:54 | Create | Villager (Male) |
| 7:54 | Create | Villager (Male) |
| 8:10 | Build | Mill |
| 8:13 | Create | Villager (Male) |
| 8:14 | Create | Villager (Male) |
| 8:47 | Create | Villager (Male) |
| 8:47 | Create | Villager (Male) |
| 8:48 | Create | Villager (Male) |
| 9:16 | Create | Villager (Male) |
| 9:16 | Create | Villager (Male) |
| 9:29 | Build | Mill |
| 9:41 | Create | Villager (Male) |
| 9:41 | Create | Villager (Male) |
| 10:29 | Create | Villager (Male) |
| 10:29 | Create | Villager (Male) |
| 10:38 | Create | Villager (Male) |
| 10:38 | Create | Villager (Male) |
| 11:23 | Build | House |
| 11:30 | Build | Lumber Camp |
| 11:51 | Build | House |
| 11:57 | Build | House |
| 13:02 | Build | Mining Camp |
| 13:09 | Create | Villager (Male) |
| 13:17 | Research | Feudal Age |
| 13:35 | Build | Mill |
| 13:55 | Build | Farm |
| 13:58 | Build | Farm |
| 14:26 | Build | Farm |
| 14:28 | Build | Farm |
| 14:35 | Build | House |
| 15:35 | Create | Villager (Male) |
| 15:35 | Create | Villager (Male) |
| 15:44 | Age | Feudal Age |
| 15:51 | Build | Market |
| 15:58 | Build | Blacksmith |
| 16:48 | Build | Farm |
| 16:51 | Research | Castle Age |
| 17:49 | Build | Barracks |
| 17:56 | Research | Double-Bit Axe |
| 18:42 | Research | Horse Collar |
| 19:05 | Build | Palisade Wall |
| 19:08 | Build | Palisade Wall |
| 19:31 | Age | Castle Age |
| 19:39 | Build | Castle |
| 19:48 | Build | Palisade Wall |
| 19:57 | Build | Palisade Wall |
| 20:07 | Create | Villager (Male) |
| 20:07 | Create | Villager (Male) |
| 20:07 | Create | Villager (Male) |
| 20:07 | Create | Villager (Male) |
| 20:10 | Research | Bow Saw |
| 20:32 | Create | Chakram Thrower |
| 20:33 | Create | Chakram Thrower |
| 20:33 | Create | Chakram Thrower |
| 20:33 | Create | Chakram Thrower |
| 20:33 | Create | Chakram Thrower |
| 20:33 | Create | Chakram Thrower |
| 20:59 | Build | Farm |
| 21:09 | Build | Farm |
| 21:32 | Create | Chakram Thrower |
| 21:33 | Create | Chakram Thrower |
| 21:33 | Create | Chakram Thrower |
| 21:51 | Create | Villager (Male) |
| 21:51 | Create | Villager (Male) |
| 22:55 | Build | Stable |
| 23:07 | Create | Chakram Thrower |
| 23:07 | Create | Chakram Thrower |
| 23:07 | Create | Chakram Thrower |
| 23:07 | Create | Chakram Thrower |
| 23:39 | Create | Camel Scout |
| 23:39 | Create | Camel Scout |
| 23:59 | Build | Town Center |
| 24:04 | Create | Camel Scout |
| 24:04 | Create | Camel Scout |
| 24:04 | Create | Camel Scout |
| 24:34 | Create | Chakram Thrower |
| 24:34 | Create | Chakram Thrower |
| 25:00 | Create | Chakram Thrower |
| 25:00 | Create | Chakram Thrower |
| 25:07 | Create | Villager (Male) |
| 25:08 | Create | Villager (Male) |
| 25:08 | Create | Villager (Male) |
| 25:37 | Build | Town Center |
| 25:50 | Build | Lumber Camp |
| 25:59 | Create | Chakram Thrower |
| 25:59 | Create | Chakram Thrower |
| 25:59 | Create | Chakram Thrower |
| 26:06 | Create | Villager (Male) |
| 26:06 | Create | Villager (Male) |
| 26:14 | Build | Farm |
| 26:15 | Build | Farm |
| 26:22 | Create | Camel Scout |
| 26:22 | Create | Camel Scout |
| 26:30 | Build | Farm |
| 26:31 | Build | Farm |
| 26:52 | Build | Siege Workshop |
| 26:55 | Create | Chakram Thrower |
| 26:55 | Create | Chakram Thrower |
| 27:26 | Create | Chakram Thrower |
| 27:26 | Create | Chakram Thrower |
| 27:27 | Create | Chakram Thrower |
| 27:30 | Create | Villager (Male) |
| 27:30 | Create | Villager (Male) |
| 27:30 | Create | Villager (Male) |
| 27:34 | Build | Farm |
| 27:35 | Build | Farm |
| 28:00 | Create | Mangonel |
| 28:00 | Create | Mangonel |
| 28:08 | Create | Villager (Male) |
| 28:08 | Create | Villager (Male) |
| 28:11 | Create | Villager (Male) |
| 28:11 | Create | Villager (Male) |
| 28:28 | Build | Farm |
| 28:29 | Create | Villager (Male) |
Build order — [LOEL] Vianella
First 150 of 260 actions detected
| 1:06 | Build | Town Center |
| 1:21 | Build | House |
| 1:24 | Build | House |
| 3:02 | Create | Villager (Male) ×4 |
| 3:49 | Build | Palisade Wall |
| 3:58 | Build | House |
| 4:11 | Research | Loom |
| 4:12 | Create | Villager (Male) |
| 4:27 | Build | House |
| 5:22 | Create | Villager (Male) |
| 5:48 | Create | Villager (Male) |
| 5:54 | Build | Lumber Camp |
| 6:20 | Create | Villager (Male) |
| 7:04 | Create | Villager (Male) ×2 |
| 7:18 | Create | Villager (Male) |
| 8:14 | Create | Villager (Male) |
| 8:15 | Create | Villager (Male) |
| 8:15 | Create | Villager (Male) |
| 8:53 | Build | Mill |
| 8:58 | Create | Villager (Male) |
| 9:22 | Build | House |
| 9:23 | Create | Villager (Male) ×3 |
| 9:43 | Create | Villager (Male) ×3 |
| 10:29 | Build | Farm |
| 10:30 | Build | Farm |
| 10:40 | Create | Villager (Male) |
| 11:10 | Create | Villager (Male) |
| 11:17 | Build | Farm |
| 11:50 | Research | Feudal Age |
| 12:18 | Build | Mining Camp |
| 12:50 | Create | Villager (Male) ×2 |
| 13:14 | Build | House |
| 13:47 | Create | Villager (Male) |
| 13:55 | Build | Farm |
| 14:00 | Age | Feudal Age |
| 14:02 | Build | Farm |
| 14:29 | Build | Market |
| 14:34 | Build | Blacksmith |
| 14:48 | Build | Farm |
| 15:10 | Create | Villager (Male) |
| 15:25 | Build | House |
| 15:26 | Build | House |
| 15:37 | Create | Villager (Male) |
| 15:41 | Build | Farm |
| 15:56 | Build | Palisade Wall |
| 16:04 | Build | Palisade Wall |
| 16:08 | Create | Villager (Male) |
| 16:09 | Create | Villager (Male) |
| 16:23 | Build | Farm |
| 16:37 | Build | Farm |
| 16:48 | Build | Mill |
| 16:52 | Create | Villager (Male) |
| 17:10 | Create | Villager (Male) |
| 17:18 | Build | Farm |
| 17:29 | Build | House |
| 17:40 | Build | Farm |
| 17:46 | Build | Farm |
| 17:48 | Create | Villager (Male) |
| 18:24 | Build | Farm |
| 18:31 | Research | Castle Age |
| 18:32 | Research | Castle Age |
| 18:48 | Research | Horse Collar |
| 19:25 | Create | Villager (Male) ×2 |
| 20:00 | Research | Fletching |
| 21:11 | Age | Castle Age |
| 21:13 | Build | Town Center |
| 21:17 | Create | Villager (Male) |
| 21:18 | Create | Villager (Male) |
| 22:02 | Build | Castle |
| 22:16 | Create | Villager (Male) ×5 |
| 22:16 | Create | Villager (Male) ×5 |
| 22:17 | Create | Villager (Male) ×5 |
| 22:21 | Create | Villager (Male) ×4 |
| 22:29 | Build | Farm |
| 23:05 | Build | Barracks |
| 23:21 | Research | Stone Mining |
| 23:56 | Create | Shotel Warrior ×5 |
| 24:16 | Create | Villager (Male) ×2 |
| 24:34 | Build | Palisade Wall |
| 24:39 | Create | Villager (Male) |
| 24:39 | Create | Villager (Male) |
| 24:55 | Build | Palisade Wall |
| 25:07 | Build | Palisade Wall |
| 25:13 | Create | Shotel Warrior ×2 |
| 25:21 | Create | Shotel Warrior |
| 25:25 | Create | Villager (Male) |
| 25:38 | Build | Town Center |
| 26:13 | Build | House |
| 26:14 | Build | House |
| 26:15 | Build | House |
| 26:18 | Create | Villager (Male) ×3 |
| 26:27 | Build | Town Center |
| 26:30 | Create | Villager (Male) |
| 26:44 | Create | Villager (Male) |
| 26:50 | Create | Villager (Male) |
| 26:55 | Build | Farm |
| 26:55 | Build | Farm |
| 26:56 | Build | Farm |
| 26:56 | Build | Farm |
| 26:57 | Build | Farm |
| 26:57 | Build | Farm |
| 26:57 | Build | Farm |
| 26:58 | Build | Farm |
| 26:58 | Build | Farm |
| 26:58 | Build | Farm |
| 27:21 | Build | Palisade Wall |
| 27:28 | Create | Villager (Male) ×3 |
| 27:38 | Create | Villager (Male) |
| 28:01 | Create | Shotel Warrior ×3 |
| 28:20 | Build | Farm |
| 28:21 | Build | Farm |
| 28:22 | Build | Farm |
| 28:22 | Build | Farm |
| 28:23 | Build | Farm |
| 28:23 | Build | Farm |
| 28:23 | Build | Farm |
| 28:23 | Build | Farm |
| 28:24 | Build | Farm |
| 28:24 | Create | Villager (Male) ×2 |
| 28:30 | Create | Villager (Male) |
| 28:50 | Create | Shotel Warrior ×2 |
| 29:29 | Research | Wheelbarrow |
| 29:52 | Build | Castle |
| 29:55 | Create | Villager (Male) ×3 |
| 30:14 | Build | Stable |
| 30:15 | Build | Stable |
| 30:20 | Create | Villager (Male) ×3 |
| 30:26 | Build | Farm |
| 30:26 | Build | Farm |
| 30:27 | Build | Farm |
| 30:27 | Build | Farm |
| 30:27 | Build | Farm |
| 30:27 | Build | Farm |
| 30:28 | Build | Farm |
| 30:28 | Build | Farm |
| 30:29 | Create | Villager (Male) |
| 30:36 | Create | Villager (Male) ×4 |
| 30:39 | Build | Farm |
| 30:39 | Build | Farm |
| 30:40 | Build | Farm |
| 30:40 | Build | Farm |
| 30:40 | Build | Farm |
| 30:40 | Build | Farm |
| 30:58 | Create | Villager (Male) ×3 |
| 31:05 | Create | Knight ×4 |
| 31:09 | Create | Camel Scout ×5 |
| 31:17 | Build | Farm |
| 31:20 | Build | Farm |
| 31:21 | Build | Farm |
| 31:22 | Build | Farm |
Build order — _radicals
First 150 of 420 actions detected
| 0:24 | Build | Town Center |
| 1:21 | Build | House |
| 2:31 | Research | Loom |
| 2:31 | Create | Villager (Male) |
| 2:32 | Create | Villager (Male) |
| 2:32 | Create | Villager (Male) |
| 2:47 | Create | Villager (Male) |
| 2:47 | Create | Villager (Male) |
| 4:47 | Create | Villager (Male) |
| 4:47 | Create | Villager (Male) |
| 5:16 | Create | Villager (Male) |
| 5:22 | Build | House |
| 5:29 | Create | Villager (Male) |
| 5:30 | Create | Villager (Male) |
| 6:20 | Create | Villager (Male) |
| 6:21 | Create | Villager (Male) |
| 6:21 | Create | Villager (Male) |
| 6:33 | Create | Villager (Male) |
| 6:52 | Build | Mill |
| 7:27 | Create | Villager (Male) |
| 7:32 | Create | Villager (Male) |
| 7:32 | Create | Villager (Male) |
| 7:33 | Create | Villager (Male) |
| 7:33 | Create | Villager (Male) |
| 8:58 | Build | House |
| 9:01 | Create | Villager (Male) |
| 9:08 | Build | Mill |
| 9:31 | Create | Villager (Male) |
| 9:42 | Build | Mining Camp |
| 9:46 | Create | Villager (Male) |
| 9:47 | Create | Villager (Male) |
| 9:53 | Create | Villager (Male) |
| 9:54 | Create | Villager (Male) |
| 9:54 | Create | Villager (Male) |
| 9:54 | Create | Villager (Male) |
| 10:41 | Build | Mill |
| 12:19 | Research | Feudal Age |
| 12:20 | Research | Feudal Age |
| 12:33 | Build | Barracks |
| 12:39 | Build | House |
| 12:43 | Build | House |
| 14:29 | Age | Feudal Age |
| 14:33 | Build | Stable |
| 14:34 | Create | Villager (Male) |
| 14:36 | Create | Villager (Male) |
| 14:42 | Build | Blacksmith |
| 15:26 | Create | Villager (Male) |
| 15:52 | Research | Castle Age |
| 16:22 | Build | Stable |
| 16:45 | Build | Palisade Wall |
| 16:51 | Build | Palisade Gate |
| 17:10 | Build | Palisade Wall |
| 17:15 | Build | Palisade Gate |
| 17:29 | Build | Lumber Camp |
| 17:36 | Build | Farm |
| 17:39 | Research | Scale Barding Armor |
| 18:29 | Build | Farm |
| 18:32 | Age | Castle Age |
| 18:37 | Create | Knight |
| 18:38 | Create | Knight |
| 18:41 | Create | Villager (Male) |
| 19:01 | Build | Town Center |
| 19:23 | Create | Knight |
| 19:31 | Create | Knight |
| 19:43 | Build | Farm |
| 19:45 | Create | Villager (Male) |
| 20:15 | Build | Farm |
| 20:22 | Create | Villager (Male) |
| 20:22 | Create | Villager (Male) |
| 20:22 | Create | Villager (Male) |
| 20:30 | Create | Villager (Male) |
| 21:29 | Build | Siege Workshop |
| 21:30 | Create | Villager (Male) |
| 21:31 | Create | Villager (Male) |
| 21:31 | Create | Villager (Male) |
| 21:45 | Build | Farm |
| 21:46 | Build | Farm |
| 21:53 | Build | Town Center |
| 22:45 | Create | Knight |
| 22:46 | Create | Knight |
| 22:46 | Research | Bloodlines |
| 22:52 | Build | House |
| 23:23 | Create | Villager (Male) |
| 23:23 | Create | Villager (Male) |
| 23:24 | Create | Villager (Male) |
| 23:29 | Create | Battering Ram |
| 23:29 | Create | Battering Ram |
| 23:35 | Build | Farm |
| 23:38 | Build | Farm |
| 23:46 | Create | Villager (Male) |
| 23:47 | Create | Villager (Male) |
| 24:13 | Build | Monastery |
| 24:14 | Create | Villager (Male) |
| 24:14 | Create | Villager (Male) |
| 24:31 | Research | Double-Bit Axe |
| 25:04 | Create | Monk |
| 25:07 | Create | Villager (Male) |
| 25:08 | Create | Villager (Male) |
| 25:08 | Create | Villager (Male) |
| 25:20 | Build | Farm |
| 25:21 | Build | Farm |
| 25:27 | Build | Farm |
| 25:40 | Create | Villager (Male) |
| 25:40 | Create | Villager (Male) |
| 26:09 | Create | Villager (Male) |
| 26:30 | Build | Lumber Camp |
| 26:43 | Create | Villager (Male) |
| 26:44 | Create | Villager (Male) |
| 26:44 | Create | Villager (Male) |
| 26:44 | Create | Villager (Male) |
| 27:05 | Build | Farm |
| 27:20 | Research | Wheelbarrow |
| 27:29 | Create | Mangonel |
| 27:50 | Create | Villager (Male) |
| 27:51 | Create | Villager (Male) |
| 27:51 | Create | Villager (Male) |
| 27:51 | Create | Villager (Male) |
| 27:59 | Build | House |
| 28:00 | Build | House |
| 28:41 | Create | Villager (Male) |
| 28:41 | Create | Villager (Male) |
| 28:41 | Create | Villager (Male) |
| 28:42 | Create | Villager (Male) |
| 28:48 | Build | Farm |
| 28:49 | Build | Farm |
| 28:54 | Build | Farm |
| 28:56 | Create | Villager (Male) |
| 29:20 | Build | Castle |
| 29:29 | Research | Fletching |
| 29:36 | Create | Battering Ram |
| 29:43 | Create | Knight |
| 29:43 | Create | Knight |
| 29:47 | Build | Farm |
| 29:48 | Build | Farm |
| 30:01 | Build | Gate |
| 30:34 | Build | Farm |
| 30:36 | Build | Farm |
| 30:41 | Research | Bodkin Arrow |
| 30:53 | Build | Mining Camp |
| 30:58 | Build | Farm |
| 31:02 | Build | Farm |
| 31:08 | Research | Horse Collar |
| 31:16 | Create | Petard |
| 31:17 | Create | Petard |
| 31:20 | Create | Battering Ram |
| 31:36 | Create | Villager (Male) |
| 31:36 | Create | Villager (Male) |
| 31:42 | Build | Farm |
| 31:51 | Build | Stone Wall |
| 32:02 | Create | Petard |
Build order — Xvier
First 150 of 375 actions detected
| 0:25 | Build | Town Center |
| 1:43 | Build | House |
| 2:31 | Create | Villager (Male) |
| 2:32 | Create | Villager (Male) |
| 2:33 | Create | Villager (Male) |
| 2:33 | Create | Villager (Male) |
| 4:39 | Create | Villager (Male) |
| 4:39 | Create | Villager (Male) |
| 4:47 | Build | House |
| 5:07 | Create | Villager (Male) |
| 5:08 | Create | Villager (Male) |
| 5:43 | Create | Villager (Male) |
| 5:43 | Create | Villager (Male) |
| 6:25 | Build | Mill |
| 6:52 | Create | Villager (Male) |
| 6:55 | Create | Villager (Male) |
| 7:19 | Create | Villager (Male) |
| 8:15 | Create | Villager (Male) |
| 8:16 | Create | Villager (Male) |
| 8:21 | Build | House |
| 8:26 | Create | Villager (Male) |
| 8:26 | Create | Villager (Male) |
| 8:45 | Create | Villager (Male) |
| 8:45 | Create | Villager (Male) |
| 9:21 | Create | Villager (Male) |
| 9:30 | Create | Villager (Male) |
| 9:53 | Create | Villager (Male) |
| 10:09 | Build | House |
| 10:19 | Build | Mill |
| 10:33 | Build | Mill |
| 10:54 | Create | Villager (Male) |
| 11:32 | Create | Villager (Male) |
| 11:42 | Build | Mining Camp |
| 12:03 | Create | Villager (Male) |
| 12:18 | Build | Lumber Camp |
| 12:24 | Research | Feudal Age |
| 13:10 | Build | House |
| 14:27 | Build | House |
| 14:37 | Create | Villager (Male) |
| 14:38 | Age | Feudal Age |
| 14:47 | Build | Blacksmith |
| 14:49 | Build | Market |
| 14:59 | Create | Villager (Male) |
| 15:30 | Create | Villager (Male) |
| 15:38 | Research | Castle Age |
| 15:46 | Build | House |
| 16:15 | Build | House |
| 16:18 | Build | Palisade Wall |
| 16:33 | Build | House |
| 16:36 | Build | House |
| 16:40 | Build | House |
| 16:49 | Build | House |
| 17:22 | Build | Mining Camp |
| 17:34 | Build | Barracks |
| 17:38 | Build | Palisade Gate |
| 17:45 | Research | Double-Bit Axe |
| 18:00 | Create | Villager (Male) |
| 18:18 | Build | House |
| 18:35 | Age | Castle Age |
| 18:50 | Create | Villager (Male) |
| 18:54 | Build | Farm |
| 18:54 | Build | Farm |
| 18:54 | Build | Farm |
| 18:57 | Create | Villager (Male) |
| 19:13 | Build | House |
| 19:37 | Create | Villager (Male) |
| 19:47 | Build | Stable |
| 20:12 | Create | Villager (Male) |
| 20:39 | Create | Villager (Male) |
| 21:14 | Build | Siege Workshop |
| 21:16 | Create | Battle Elephant |
| 21:19 | Research | Husbandry |
| 21:22 | Create | Villager (Male) |
| 21:36 | Build | Farm |
| 21:37 | Build | Farm |
| 21:38 | Create | Villager (Male) |
| 21:56 | Build | House |
| 22:00 | Create | Spearman |
| 22:17 | Create | Spearman |
| 22:29 | Research | Loom |
| 22:29 | Create | Villager (Male) |
| 22:30 | Create | Villager (Male) |
| 22:32 | Create | Spearman |
| 22:52 | Build | House |
| 23:06 | Create | Spearman |
| 23:14 | Build | Palisade Wall |
| 23:16 | Build | House |
| 23:19 | Create | Villager (Male) |
| 23:37 | Build | Farm |
| 23:44 | Research | Pikeman (upgrade) |
| 23:58 | Build | House |
| 24:02 | Build | Farm |
| 24:03 | Build | Farm |
| 24:21 | Create | Spearman |
| 24:22 | Create | Spearman |
| 24:51 | Build | House |
| 24:55 | Create | Villager (Male) |
| 25:07 | Build | Castle |
| 25:18 | Research | Wheelbarrow |
| 25:23 | Research | Horse Collar |
| 25:45 | Create | Spearman |
| 25:46 | Create | Spearman |
| 25:55 | Create | Villager (Male) |
| 26:28 | Create | Spearman |
| 26:29 | Create | Villager (Male) |
| 27:11 | Create | Spearman |
| 27:11 | Create | Spearman |
| 27:23 | Build | House |
| 27:24 | Build | House |
| 27:29 | Create | Ratha (Ranged) |
| 27:30 | Create | Ratha (Ranged) |
| 27:53 | Create | Spearman |
| 27:55 | Create | Villager (Male) |
| 27:55 | Create | Villager (Male) |
| 28:08 | Build | Town Center |
| 28:31 | Create | Villager (Male) |
| 28:34 | Create | Villager (Male) |
| 28:41 | Create | Ratha (Ranged) |
| 28:42 | Create | Spearman |
| 28:43 | Create | Spearman |
| 29:21 | Create | Villager (Male) |
| 30:03 | Build | House |
| 30:05 | Build | House |
| 30:07 | Build | House |
| 31:10 | Build | Farm |
| 31:10 | Build | Farm |
| 31:10 | Build | Farm |
| 31:10 | Build | Farm |
| 31:11 | Build | Farm |
| 31:11 | Build | Farm |
| 31:11 | Build | Farm |
| 31:48 | Build | House |
| 32:32 | Create | Villager (Male) |
| 33:16 | Create | Villager (Male) |
| 33:16 | Create | Villager (Male) |
| 33:16 | Create | Villager (Male) |
| 34:13 | Create | Villager (Male) |
| 34:14 | Create | Villager (Male) |
| 34:14 | Create | Villager (Male) |
| 35:06 | Build | Lumber Camp |
| 35:17 | Create | Villager (Male) |
| 35:55 | Build | House |
| 36:00 | Create | Villager (Male) |
| 36:22 | Build | Town Center |
| 36:53 | Create | Villager (Male) |
| 37:08 | Create | Villager (Male) |
| 37:40 | Create | Villager (Male) |
| 37:48 | Build | Barracks |
| 38:06 | Build | Siege Workshop |
| 38:27 | Build | Farm |
Match timeline
| 3:49 | [LOEL] Vianella · wall_segment Palisade Wall x4 |
| 9:30 | [LOEL] - ISABUYA · wall_segment Palisade Wall x1 |
| 12:08 | [LOEL] - ENF · age_up feudal |
| 12:22 | [LOEL] - ISABUYA · first_building Barracks |
| 12:24 | [LOEL] - ISABUYA · wall_segment Palisade Wall x1 |
| 12:33 | _radicals · first_building Barracks |
| 13:26 | Ahzek Ahriman · wall_segment Palisade Wall x1 |
| 13:37 | Ahzek Ahriman · wall_segment Palisade Wall x1 |
| 13:46 | Ahzek Ahriman · wall_segment Palisade Wall x1 |
| 13:49 | Road To Herald · age_up feudal |
| 13:52 | Ahzek Ahriman · wall_segment Palisade Wall x4 |
| 14:00 | [LOEL] Vianella · age_up feudal |
| 14:09 | Ahzek Ahriman · age_up feudal |
| 14:29 | _radicals · age_up feudal |
| 14:33 | _radicals · first_building Stable |
| 14:38 | Xvier · age_up feudal |
| 14:57 | [LOEL] - ENF · wall_segment Palisade Wall x1 |
| 15:09 | [LOEL] - ISABUYA · age_up feudal |
| 15:12 | [LOEL] - ISABUYA · first_building Stable |
| 15:44 | Tergoda Janda Kembang · age_up feudal |
| 15:56 | [LOEL] Vianella · wall_segment Palisade Wall x6 |
| 16:04 | [LOEL] - ENF · age_up castle |
| 16:04 | [LOEL] Vianella · wall_segment Palisade Wall x7 |
| 16:14 | Road To Herald · first_building Barracks |
| 16:15 | [LOEL] - ENF · first_building Castle |
| 16:18 | Xvier · wall_segment Palisade Wall x1 |
| 16:45 | _radicals · wall_segment Palisade Wall x5 |
| 17:10 | _radicals · wall_segment Palisade Wall x5 |
| 17:27 | Road To Herald · age_up castle |
| 17:32 | Road To Herald · first_building Stable |
| 17:34 | Xvier · first_building Barracks |
| 17:49 | Tergoda Janda Kembang · first_building Barracks |
| 18:08 | [LOEL] Vianella · first_market_buy 100 food |
| 18:14 | [LOEL] Vianella · first_market_sell 100 wood |
| 18:32 | Ahzek Ahriman · age_up castle |
| 18:32 | _radicals · age_up castle |
| 18:34 | Ahzek Ahriman · first_building Castle |
| 18:35 | Xvier · age_up castle |
| 18:57 | [LOEL] - ISABUYA · age_up castle |
| 19:05 | Tergoda Janda Kembang · wall_segment Palisade Wall x1 |
| 19:08 | Tergoda Janda Kembang · wall_segment Palisade Wall x1 |
| 19:31 | Tergoda Janda Kembang · age_up castle |
| 19:39 | Tergoda Janda Kembang · first_building Castle |
| 19:47 | Xvier · first_building Stable |
| 19:48 | Tergoda Janda Kembang · wall_segment Palisade Wall x1 |
| 19:57 | Tergoda Janda Kembang · wall_segment Palisade Wall x1 |
| 20:50 | Road To Herald · wall_segment Palisade Wall x23 |
| 21:11 | [LOEL] Vianella · age_up castle |
| 21:14 | Xvier · first_building Siege Workshop |
| 21:29 | _radicals · first_building Siege Workshop |
| 22:02 | [LOEL] Vianella · first_building Castle |
| 22:47 | [LOEL] - ISABUYA · first_building Siege Workshop |
| 22:55 | Tergoda Janda Kembang · first_building Stable |
| 22:58 | Ahzek Ahriman · first_building Siege Workshop |
| 23:05 | [LOEL] Vianella · first_building Barracks |
| 23:14 | Xvier · wall_segment Palisade Wall x1 |
| 24:13 | _radicals · first_building Monastery |
| 24:34 | [LOEL] Vianella · wall_segment Palisade Wall x21 |
| 24:55 | [LOEL] Vianella · wall_segment Palisade Wall x17 |
| 25:07 | Xvier · first_building Castle |
| 25:07 | [LOEL] Vianella · wall_segment Palisade Wall x8 |
| 25:42 | Ahzek Ahriman · first_market_sell 100 food |
| 25:44 | [LOEL] - ISABUYA · first_building Castle |
| 26:52 | Tergoda Janda Kembang · first_building Siege Workshop |
| 27:21 | [LOEL] Vianella · wall_segment Palisade Wall x1 |
| 28:21 | Road To Herald · first_market_sell 100 wood |
| 28:28 | [LOEL] - ENF · first_market_buy 100 stone |
| 29:20 | _radicals · first_building Castle |
| 29:46 | [LOEL] - ENF · first_market_sell 500 wood |
| 29:49 | [LOEL] - ISABUYA · first_market_buy 100 stone |
| 30:14 | [LOEL] Vianella · first_building Stable |
| 31:51 | _radicals · wall_segment Stone Wall x1 |
| 32:19 | [LOEL] - ISABUYA · wall_segment Stone Wall x18 |
| 32:40 | Tergoda Janda Kembang · wall_segment Stone Wall x11 |
| 33:05 | Ahzek Ahriman · first_market_buy 100 wood |
| 33:23 | Tergoda Janda Kembang · wall_segment Stone Wall x8 |
| 33:27 | Tergoda Janda Kembang · wall_segment Stone Wall x3 |
| 33:43 | [LOEL] - ISABUYA · wall_segment Stone Wall x4 |
| 33:56 | [LOEL] - ISABUYA · first_building Monastery |
| 34:00 | Tergoda Janda Kembang · first_market_buy 100 food |
| 35:40 | Tergoda Janda Kembang · wall_segment Stone Wall x4 |
| 36:25 | [LOEL] Vianella · first_building Archery Range |
| 36:28 | Ahzek Ahriman · first_building Barracks |
| 36:36 | [LOEL] - ISABUYA · wall_segment Stone Wall x6 |
| 36:42 | [LOEL] - ISABUYA · wall_segment Stone Wall x12 |
| 36:59 | Ahzek Ahriman · first_building Archery Range |
| 37:30 | Tergoda Janda Kembang · age_up imperial |
| 37:46 | [LOEL] - ISABUYA · wall_segment Stone Wall x5 |
| 38:52 | Tergoda Janda Kembang · wall_segment Stone Wall x3 |
| 38:57 | Ahzek Ahriman · age_up imperial |
| 38:59 | Tergoda Janda Kembang · wall_segment Stone Wall x1 |
| 39:54 | _radicals · first_market_sell 100 wood |
| 39:54 | [LOEL] - ENF · first_building Barracks |
| 41:02 | [LOEL] - ISABUYA · age_up imperial |
| 41:55 | [LOEL] - ENF · first_building Stable |
| 42:28 | [LOEL] Vianella · wall_segment Stone Wall x15 |
| 43:18 | [LOEL] - ISABUYA · tribute_sent a jugador 1 |
| 43:18 | [LOEL] - ISABUYA · tribute_sent a jugador 3 |
| 43:18 | [LOEL] - ISABUYA · tribute_sent a jugador 4 |
| 43:18 | [LOEL] - ISABUYA · tribute_sent a jugador 5 |
| 43:18 | [LOEL] - ISABUYA · tribute_sent a jugador 6 |
| 43:18 | [LOEL] - ISABUYA · tribute_sent a jugador 7 |
| 43:18 | [LOEL] - ISABUYA · tribute_sent a jugador 8 |
| 43:48 | _radicals · age_up imperial |
| 44:26 | [LOEL] - ENF · first_building Archery Range |
| 46:37 | [LOEL] - ENF · age_up imperial |
| 46:40 | _radicals · first_building Archery Range |
| 47:05 | _radicals · wall_segment Stone Wall x11 |
| 48:15 | Road To Herald · first_building Monastery |
| 49:14 | [LOEL] - ISABUYA · tribute_sent a jugador 1 |
| 49:14 | [LOEL] - ISABUYA · tribute_sent a jugador 3 |
| 49:14 | [LOEL] - ISABUYA · tribute_sent a jugador 4 |
| 49:14 | [LOEL] - ISABUYA · tribute_sent a jugador 5 |
| 49:14 | [LOEL] - ISABUYA · tribute_sent a jugador 6 |
| 49:14 | [LOEL] - ISABUYA · tribute_sent a jugador 7 |
| 49:14 | [LOEL] - ISABUYA · tribute_sent a jugador 8 |
| 49:20 | [LOEL] - ISABUYA · tribute_sent a jugador 1 |
| 49:20 | [LOEL] - ISABUYA · tribute_sent a jugador 3 |
| 49:20 | [LOEL] - ISABUYA · tribute_sent a jugador 4 |
| 49:20 | [LOEL] - ISABUYA · tribute_sent a jugador 5 |
| 49:20 | [LOEL] - ISABUYA · tribute_sent a jugador 6 |
| 49:20 | [LOEL] - ISABUYA · tribute_sent a jugador 7 |
| 49:20 | [LOEL] - ISABUYA · tribute_sent a jugador 8 |
| 49:41 | Road To Herald · tribute_sent a jugador 1 |
| 49:41 | Road To Herald · tribute_sent a jugador 2 |
| 49:41 | Road To Herald · tribute_sent a jugador 4 |
| 49:41 | Road To Herald · tribute_sent a jugador 5 |
| 49:41 | Road To Herald · tribute_sent a jugador 6 |
| 49:41 | Road To Herald · tribute_sent a jugador 7 |
| 49:41 | Road To Herald · tribute_sent a jugador 8 |
| 50:54 | [LOEL] - ISABUYA · tribute_sent a jugador 1 |
| 50:54 | [LOEL] - ISABUYA · tribute_sent a jugador 3 |
| 50:54 | [LOEL] - ISABUYA · tribute_sent a jugador 4 |
| 50:54 | [LOEL] - ISABUYA · tribute_sent a jugador 5 |
| 50:54 | [LOEL] - ISABUYA · tribute_sent a jugador 6 |
| 50:54 | [LOEL] - ISABUYA · tribute_sent a jugador 7 |
| 50:54 | [LOEL] - ISABUYA · tribute_sent a jugador 8 |
| 51:23 | Road To Herald · tribute_sent a jugador 1 |
| 51:23 | Road To Herald · tribute_sent a jugador 2 |
| 51:23 | Road To Herald · tribute_sent a jugador 4 |
| 51:23 | Road To Herald · tribute_sent a jugador 5 |
| 51:23 | Road To Herald · tribute_sent a jugador 6 |
| 51:23 | Road To Herald · tribute_sent a jugador 7 |
| 51:23 | Road To Herald · tribute_sent a jugador 8 |
| 52:05 | Tergoda Janda Kembang · wall_segment Stone Wall x13 |
| 52:18 | Tergoda Janda Kembang · wall_segment Stone Wall x5 |
| 52:38 | Tergoda Janda Kembang · wall_segment Stone Wall x5 |
| 52:57 | Road To Herald · first_market_buy 100 stone |
| 53:02 | Tergoda Janda Kembang · wall_segment Stone Wall x1 |
| 53:05 | Xvier · age_up imperial |
| 53:13 | [LOEL] - ISABUYA · tribute_sent a jugador 1 |
| 53:13 | [LOEL] - ISABUYA · tribute_sent a jugador 3 |
| 53:13 | [LOEL] - ISABUYA · tribute_sent a jugador 4 |
| 53:13 | [LOEL] - ISABUYA · tribute_sent a jugador 5 |
| 53:13 | [LOEL] - ISABUYA · tribute_sent a jugador 6 |
| 53:13 | [LOEL] - ISABUYA · tribute_sent a jugador 7 |
| 53:13 | [LOEL] - ISABUYA · tribute_sent a jugador 8 |
| 53:32 | Road To Herald · age_up imperial |
| 53:46 | [LOEL] - ISABUYA · tribute_sent a jugador 1 |
| 53:46 | [LOEL] - ISABUYA · tribute_sent a jugador 3 |
| 53:46 | [LOEL] - ISABUYA · tribute_sent a jugador 4 |
| 53:46 | [LOEL] - ISABUYA · tribute_sent a jugador 5 |
| 53:46 | [LOEL] - ISABUYA · tribute_sent a jugador 6 |
| 53:46 | [LOEL] - ISABUYA · tribute_sent a jugador 7 |
| 53:46 | [LOEL] - ISABUYA · tribute_sent a jugador 8 |
| 54:22 | [LOEL] - ENF · first_building Siege Workshop |
| 54:47 | Xvier · first_market_sell 100 wood |
| 54:53 | Xvier · first_market_buy 100 food |
| 55:37 | [LOEL] - ISABUYA · tribute_sent a jugador 1 |
| 55:37 | [LOEL] - ISABUYA · tribute_sent a jugador 3 |
| 55:37 | [LOEL] - ISABUYA · tribute_sent a jugador 4 |
| 55:37 | [LOEL] - ISABUYA · tribute_sent a jugador 5 |
| 55:37 | [LOEL] - ISABUYA · tribute_sent a jugador 6 |
| 55:37 | [LOEL] - ISABUYA · tribute_sent a jugador 7 |
| 55:37 | [LOEL] - ISABUYA · tribute_sent a jugador 8 |
| 55:56 | [LOEL] Vianella · wall_segment Stone Wall x17 |
| 56:56 | Tergoda Janda Kembang · wall_segment Stone Wall x6 |
| 57:33 | Xvier · wall_segment Stone Wall x8 |
| 57:45 | Xvier · wall_segment Stone Wall x13 |
| 58:23 | Xvier · tribute_sent a jugador 1 |
| 58:23 | Xvier · tribute_sent a jugador 2 |
| 58:23 | Xvier · tribute_sent a jugador 3 |
| 58:23 | Xvier · tribute_sent a jugador 4 |
| 58:23 | Xvier · tribute_sent a jugador 5 |
| 58:23 | Xvier · tribute_sent a jugador 6 |
| 58:23 | Xvier · tribute_sent a jugador 7 |
| 59:30 | [LOEL] - ISABUYA · tribute_sent a jugador 1 |
| 59:30 | [LOEL] - ISABUYA · tribute_sent a jugador 3 |
| 59:30 | [LOEL] - ISABUYA · tribute_sent a jugador 4 |
| 59:30 | [LOEL] - ISABUYA · tribute_sent a jugador 5 |
| 59:30 | [LOEL] - ISABUYA · tribute_sent a jugador 6 |
| 59:30 | [LOEL] - ISABUYA · tribute_sent a jugador 7 |
| 59:30 | [LOEL] - ISABUYA · tribute_sent a jugador 8 |
| 61:17 | _radicals · wall_segment Stone Wall x1 |
| 61:21 | _radicals · wall_segment Stone Wall x2 |
| 62:54 | [LOEL] - ISABUYA · tribute_sent a jugador 1 |
| 62:54 | [LOEL] - ISABUYA · tribute_sent a jugador 3 |
| 62:54 | [LOEL] - ISABUYA · tribute_sent a jugador 4 |
| 62:54 | [LOEL] - ISABUYA · tribute_sent a jugador 5 |
| 62:54 | [LOEL] - ISABUYA · tribute_sent a jugador 6 |
| 62:54 | [LOEL] - ISABUYA · tribute_sent a jugador 7 |
| 62:54 | [LOEL] - ISABUYA · tribute_sent a jugador 8 |
| 62:56 | [LOEL] Vianella · tribute_sent a jugador 1 |
| 62:56 | [LOEL] Vianella · tribute_sent a jugador 2 |
| 62:56 | [LOEL] Vianella · tribute_sent a jugador 3 |
| 62:56 | [LOEL] Vianella · tribute_sent a jugador 4 |
| 62:56 | [LOEL] Vianella · tribute_sent a jugador 5 |
| 62:56 | [LOEL] Vianella · tribute_sent a jugador 7 |
| 62:56 | [LOEL] Vianella · tribute_sent a jugador 8 |
| 63:45 | _radicals · wall_segment Stone Wall x14 |
| 63:48 | [LOEL] Vianella · first_building Siege Workshop |
| 65:50 | Xvier · wall_segment Stone Wall x3 |
| 65:51 | Xvier · wall_segment Stone Wall x1 |
| 65:52 | Xvier · wall_segment Stone Wall x1 |
| 65:57 | Xvier · wall_segment Stone Wall x3 |
| 68:45 | [LOEL] - ISABUYA · wall_segment Stone Wall x4 |
| 69:05 | _radicals · wall_segment Stone Wall x13 |
| 69:14 | _radicals · wall_segment Stone Wall x11 |
| 69:25 | Ahzek Ahriman · resign |
[ AI ANALYSIS · 1 CREDIT ]
What really happened in this match?
Wolo.gg analyzes every decision: build order, eco, micro, common mistakes by bracket. Personalized analysis on WhatsApp or Discord in 30 seconds.
Civ guide
Vietnamese
Perfil
Jugador #18422090